 Dungeon Crawl Stone Soup version 0.20.1-1-g8b1a95d (webtiles) character file.

5805 kae the Spear-Bearer (level 10, 0/66 HPs)
             Began as a Gargoyle Fighter on Sept 24, 2017.
             Was a Follower of Makhleb.
             Slain by a komodo dragon (23 damage)
             ... on level 9 of the Dungeon.
             The game lasted 00:10:54 (9506 turns).

kae the Spear-Bearer (Gargoyle Fighter)             Turns: 9506, Time: 00:10:54

Health: 0/66       AC: 18    Str: 29    XL:     10   Next: 79%
Magic:  13/13      EV:  7    Int:  8    God:    Makhleb [*.....]
Gold:   369        SH: 10    Dex:  9    Spells: 9/9 levels left

rFire    . . .     SeeInvis .   a - +0 trident
rCold    . . .     Gourm    .   c - +0 shield
rNeg     + . .     Faith    .   b - +0 scale mail
rPois    ∞         Spirit   .   (no helmet)
rElec    +         Reflect  .   (no cloak)
rCorr    .         Harm     .   (no gloves)
MR       +....                  y - +2 pair of boots
Stlth    +.........             (no amulet)
Regen    0.3/turn               n - ring of stealth
MPRegen  0.2/turn               q - ring of protection from magic

@: mighty
A: negative energy resistance 1, electricity resistance, unbreathing,
petrification resistance, rot immunity, AC +7
a: Renounce Religion


You were on level 9 of the Dungeon.
You worshipped Makhleb.
Makhleb was aware of your devotion.
You were hungry.

You visited 2 branches of the dungeon, and saw 10 of its levels.

You collected 369 gold pieces.

Inventory:

Hand Weapons
 a - a +0 trident (weapon)
Missiles
 m - 2 throwing nets (quivered)
Armour
 b - a +0 scale mail (worn)
 c - a +0 shield (worn)
 y - a +2 pair of boots (worn)
Jewellery
 n - a ring of stealth (left hand)
 q - a ring of protection from magic (right hand)
 r - an uncursed ring of stealth
 I - a cursed ring of protection from magic
Wands
 g - a wand of digging (10/24)
 h - a wand of polymorph (10/24)
 z - a wand of iceblast (6/15)
 G - a wand of iceblast (12/15)
 H - a wand of clouds (3/9)
 J - a wand of lightning (11/15)
 O - a wand of flame (11/48)
Scrolls
 e - 5 scrolls of recharging
 i - 7 scrolls of fog
 j - 6 scrolls of remove curse
 k - 3 scrolls of teleportation
 p - 3 scrolls of blinking
 M - a scroll of enchant armour
 N - 2 scrolls of identify
Potions
 l - 2 potions of magic
 s - 3 potions of heal wounds
 t - 3 potions of haste
 u - a potion of cancellation
 v - 2 potions of lignification
 w - a potion of ambrosia
 B - 3 potions of degeneration
 C - a potion of brilliance
 D - a potion of flight
 E - 6 potions of curing
 K - a potion of berserk rage
 L - a potion of resistance
Books
 F - a book of Callings

   Spells                             Type                      Level
   a - Summon Small Mammal            Summoning                    1
   b - Call Imp                       Summoning                    2
   c - Call Canine Familiar           Summoning                    3
   d - Summon Guardian Golem          Hexes/Summoning              3
   e - Summon Lightning Spire         Summoning/Air                4
   f - Summon Ice Beast               Ice/Summoning                4
Comestibles
 f - 2 bread rations
 o - a royal jelly
 x - 7 meat rations
 A - 28 fruits


   Skills:
 + Level 9.1 Fighting
 * Level 10.0 Polearms
 + Level 8.9 Armour
 - Level 3.2 Shields
 + Level 4.7 Invocations


You had 9 spell levels left.
You didn't know any spells.

Dungeon Overview and Level Annotations

Branches:
Dungeon (9/15)             Temple (1/1) D:7            Lair (0/6) D:9
    Orc: D:9-12

Altars:
Ashenzari
Cheibriados
Dithmenos
Elyvilon
Fedhas
Gozag
Hepliaklqana
Kikubaaqudgha
Makhleb
Nemelex Xobeh
Okawaru
Qazlal
Ru
Sif Muna
Trog
Uskayaw
Vehumet
Xom
Yredelemnul
Zin
The Shining One


Innate Abilities, Weirdness & Mutations

You are resistant to torment.
Your stone body is resilient. (AC +7)
You are immune to poison.
You resist negative energy. (rN+)
You are resistant to electric shocks. (rElec)
You can survive without breathing.
You are immune to petrification.
You are immune to rotting.


Message History

You are too injured to fight recklessly!
You are too injured to fight recklessly!
You are too injured to fight recklessly!
You are too injured to fight recklessly!
You are too injured to fight recklessly!
You are too injured to fight recklessly!
You are too injured to fight recklessly!
You are too injured to fight recklessly!
You hit the komodo dragon.
The komodo dragon is lightly wounded.
You block the komodo dragon's attack.
You feel very mighty all of a sudden. The komodo dragon bites you!!
You closely miss the komodo dragon.
The komodo dragon is lightly wounded.
The komodo dragon bites you but does no damage.
You barely miss the komodo dragon.
The komodo dragon is lightly wounded.
The komodo dragon bites you!!
You die...

........#.PP...P
########..PPl>.P
##..PP...P #....PPPPP
############....PPPPP
................PPPPP
####.........#...PPPP
#...>l.......#.....PP
#...@##########...PP#
#....# #...##
......(......$.( ....
...######....... .>.
. #....... ########


You could see a komodo dragon.

Vanquished Creatures
  Erica (D:8)
  2 two-headed ogres
  Prince Ribbit (D:6)
  A hippogriff (D:9)
  Eustachio (D:6)
  A water moccasin (D:8)
  Duvessa (D:5)
  2 orc warriors (D:7)
  2 sky beasts (D:7)
  A phantom (D:8)
  3 ogres
  2 centaurs
  2 bullfrogs
  A big kobold (D:9)
  Dowan (D:5)
  2 gnoll sergeants
  A scorpion (D:6)
  4 wights (D:6)
  4 killer bees (D:8)
  An electric eel (D:6)
  3 hounds
  5 crimson imps
  2 centaur skeletons
  2 gnoll shamans (D:3)
  A jelly (D:8)
  3 orc priests (D:7)
  Ijyb (D:5)
  Terence (D:2)
  2 iguanas
  3 orc wizards
  9 worker ants
  A worker ant zombie (D:8)
  A howler monkey zombie (D:9)
  8 adders
  42 gnolls
  2 oozes (D:2)
  2 worms (D:3)
  4 dart slugs
  7 leopard geckos
  16 orcs
  7 bats
  9 giant cockroaches
  9 goblins
  11 hobgoblins
  25 jackals
  8 kobolds
  5 quokkas
  2 frilled lizards
  A leopard gecko skeleton (D:7)
  A quokka skeleton (D:5)
  2 quokka zombies
  2 rats
  2 plants (D:6)
233 creatures vanquished.

Vanquished Creatures (others)
  3 plants
  4 toadstools (D:1)
7 creatures vanquished.

Grand Total: 240 creatures vanquished

Notes
Turn   | Place    | Note
-------+----------+-------------------------------------------
     0 | D:1      | kae the Gargoyle Fighter began the quest for the Orb.
     0 | D:1      | Reached XP level 1. HP: 14/14 MP: 1/1
    51 | D:1      | Reached skill level 2 in Polearms
    54 | D:1      | Reached XP level 2. HP: 11/19 MP: 2/2
   407 | D:1      | Reached XP level 3. HP: 22/24 MP: 3/3
   803 | D:2      | Reached XP level 4. HP: 25/29 MP: 4/4
   903 | D:2      | Noticed Terence
   908 | D:2      | Killed Terence
  1092 | D:2      | Reached skill level 3 in Polearms
  1356 | D:2      | Found a hazy altar of Hepliaklqana.
  1357 | D:2      | Found a shimmering altar of Xom.
  1357 | D:2      | Noticed an earth elemental
  1358 | D:2      | Noticed an earth elemental
  1358 | D:2      | Noticed a spectral ugly thing
  1409 | D:3      | Reached XP level 5. HP: 34/34 MP: 5/5
  2117 | D:3      | Reached skill level 4 in Polearms
  2117 | D:3      | Reached XP level 6. HP: 31/40 MP: 6/6
  2223 | D:3      | Found a blossoming altar of Fedhas.
  2223 | D:3      | Found a radiant altar of Vehumet.
  2475 | D:3      | Reached skill level 5 in Fighting
  2856 | D:3      | Reached skill level 5 in Armour
  2954 | D:3      | Reached XP level 7. HP: 33/44 MP: 7/7
  3175 | D:3      | Reached skill level 5 in Polearms
  3664 | D:4      | Reached XP level 8. HP: 46/51 MP: 8/8
  3694 | D:4      | Found a stormy altar of Qazlal.
  4043 | D:4      | Found an opulent altar of Gozag.
  4152 | D:5      | Entered Level 5 of the Dungeon
  4179 | D:5      | Reached skill level 6 in Polearms
  4204 | D:5      | Noticed Duvessa
  4205 | D:5      | Noticed Dowan
  4254 | D:5      | Killed Duvessa
  4257 | D:5      | Killed Dowan
  4259 | D:5      | Noticed Ijyb
  4267 | D:5      | Killed Ijyb
  4543 | D:5      | Found an opulent altar of Gozag.
  5275 | D:6      | Reached skill level 7 in Polearms
  5342 | D:6      | Noticed Prince Ribbit
  5945 | D:6      | Noticed Eustachio
  5973 | D:6      | Killed Eustachio
  5973 | D:6      | Reached XP level 9. HP: 57/57 MP: 9/9
  6324 | D:6      | Killed Prince Ribbit
  6538 | D:7      | Reached skill level 8 in Polearms
  6642 | D:7      | Found a staircase to the Ecumenical Temple.
  6825 | Temple   | Entered the Ecumenical Temple
  7010 | Temple   | Became a worshipper of Makhleb the Destroyer
  7503 | D:8      | Noticed a two-headed ogre
  7515 | D:8      | Killed a two-headed ogre
  7554 | D:7      | Reached XP level 10. HP: 28/64 MP: 11/11
  7908 | D:8      | Reached skill level 9 in Polearms
  8115 | D:8      | Reached * piety under Makhleb
  8488 | D:8      | Noticed Erica
  8788 | D:8      | Killed Erica
  9276 | D:9      | Noticed a two-headed ogre
  9289 | D:9      | Killed a two-headed ogre
  9289 | D:9      | Reached skill level 10 in Polearms
  9477 | D:9      | Found a staircase to the Lair.
  9506 | D:9      | Slain by a komodo dragon

Skill      XL: |  1  2  3  4  5  6  7  8  9 10 |
---------------+-------------------------------+-----
Polearms       | 2 3 4 5 7 8 10 | 10.0
Fighting       | 4 5 6 7 8 9 |  9.1
Armour         | 4 5 6 8 |  8.9
Invocations    | 2 4 |  4.7
Shields        | |  3.2

Action                   |  1- 3 |  4- 6 |  7- 9 | 10-12 || total
-------------------------+-------+-------+-------+-------++-------
Melee: Trident           |   158 |   339 |   681 |   292 ||  1470
Evoke: Wand              |       |       |     4 |       ||     4
  Use: Scroll            |     1 |       |    19 |     2 ||    22
       Potion            |       |       |     2 |     2 ||     4
  Eat: Chunk             |       |     8 |    12 |     7 ||    27
       Royal jelly       |       |       |     1 |       ||     1
       Fruit             |       |       |     1 |       ||     1
Armor: Scale mail        |    72 |   137 |   220 |   119 ||   548
Dodge: Dodged            |    35 |    76 |   115 |    58 ||   284
Block: Shield            |    85 |   139 |   197 |   106 ||   527
